AoeStats
← Huesofeo

Arena

510425407Analyzed
3v3 RM · 1d ago on Oct 1, 2026· 44m 44s· 6 players
Game mode
Random Map
Map size
Normal (6 player)
Population
200
Speed
Normal
Resources
Standard
Victory
Conquest
Starting age
Dark Age
Ending age
Imperial Age
RankedLock teamsTeams togetherTeam positionsShared explorationLock speedFull tech treeHidden civsTurbo modeCheats
Victory
Defeat
🇵🇪 Cumans · Peru
1138
+11
🇨🇴 Romans · Colombia
1075
+13
🇨🇴 Spanish · Colombia
1030
+14
🇲🇽 Bengalis · Mexico
1037
-14
🇲🇽 Byzantines · Mexico
1028
-13
🇫🇷 Persians · France
961
-11
DRAGONROJO500
1:52 Loom
10:17 Feudal Age
26:04 Double-Bit Axe
26:12 Gold Mining
32:21 Horse Collar
Tersicox
10:32 Feudal Age
15:19 Castle Age
13:54 Double-Bit Axe
19:39 Bow Saw
19:17 Loom
24:29 Gold Mining
25:07 Atonement
28:34 Gold Shaft Mining
31:03 Imperial Age
29:38 Wheelbarrow
29:10 Horse Collar
30:02 Fletching
32:47 Conscription
36:44 Bodkin Arrow
37:57 Two-Man Saw
37:20 Hand Cart
37:07 Heavy Plow
38:12 Husbandry
38:51 Ballistics
39:27 Bracer
39:48 Bloodlines
40:15 Padded Archer Armor
41:34 Leather Archer Armor
42:03 Town Watch
41:43 Elite Elephant Archer
44:29 Chemistry
chazychaz
10:16 Feudal Age
11:34 Horse Collar
11:40 Double-Bit Axe
16:49 Castle Age
16:14 Gold Mining
17:04 Scale Barding Armor
20:42 Bloodlines
22:14 Bow Saw
26:28 Husbandry
26:53 Chain Barding Armor
28:07 Stone Mining
28:23 Heavy Plow
29:01 Wheelbarrow
28:48 Town Watch
28:50 Loom
Canablitz7546
6:08 Loom
8:50 Feudal Age
9:29 Double-Bit Axe
9:07 Man-at-Arms
11:02 Town Watch
14:39 Scale Mail Armor
18:20 Forging
22:44 Castle Age
21:29 Horse Collar
22:04 Gold Mining
22:50 Pikeman
23:44 Bow Saw
23:08 Long Swordsman
24:18 Squires
25:01 Wheelbarrow
25:58 Chain Mail Armor
32:27 Hand Cart
33:23 Heavy Plow
34:12 Hand Cart
34:09 Fletching
35:45 Elite Skirmisher
39:11 Imperial Age
36:57 Bodkin Arrow
37:03 Padded Archer Armor
37:25 Ballistics
39:54 Gold Shaft Mining
40:28 Siege Engineers
41:25 Chemistry
39:57 Capped Ram
41:04 Legionary
41:38 Heavy Scorpion
42:50 Siege Ram
Huesofeo
10:45 Feudal Age
15:49 Castle Age
15:39 Loom
23:36 Atonement
27:19 Double-Bit Axe
28:11 Wheelbarrow
27:26 Town Watch
29:00 Bow Saw
29:30 Hand Cart
29:04 Horse Collar
29:58 Redemption
30:14 Inquisition
31:40 Husbandry
32:49 Fletching
37:38 Imperial Age
35:14 Heavy Plow
35:03 Pikeman
36:21 Sanctity
36:13 Fervor
37:45 Elite Skirmisher
40:40 Theocracy
40:22 Block Printing
40:35 Illumination
40:24 Gold Mining
40:45 Padded Archer Armor
40:41 Bodkin Arrow
42:04 Bloodlines
42:05 Thumb Ring
42:27 Scale Barding Armor
42:33 Forging
42:09 Elite Skirmisher
EminenceShadow
6:39 Loom
10:14 Feudal Age
11:00 Double-Bit Axe
20:04 Horse Collar
22:00 Wheelbarrow
24:36 Castle Age
23:29 Gold Mining
24:43 Capped Ram
25:47 Bow Saw
27:28 Hand Cart
34:38 Imperial Age
32:37 Ballistics
32:24 Fletching
32:34 Padded Archer Armor
34:30 Bodkin Arrow
34:50 Leather Archer Armor
35:34 Bloodlines
35:21 Stone Mining
36:07 Gold Shaft Mining
36:34 Two-Man Saw
35:36 Heavy Plow
35:40 Town Watch
37:01 Ring Archer Armor
37:32 Chemistry
37:07 Crop Rotation
36:45 Thumb Ring
37:06 Parthian Tactics
36:04 Heavy Cavalry Archer
36:31 Heavy Cavalry Archer
41:07 Conscription
Connection lost

Rejoining the realm…

Still unreachable

The connection could not be restored.

Session expired

The server has moved on; the page needs a fresh start.